 Dungeon Crawl Stone Soup version 0.13-a0-2606-g170388b (webtiles) character file.

541 Kae the Chiller (level 6, -1/32 HPs)
             Began as a Deep Elf Ice Elementalist on Aug 4, 2013.
             Slain by Grinder (9 damage)
             ... while paralysed by Grinder
             ... on Level 4 of the Dungeon.
             The game lasted 00:09:11 (4473 turns).

Kae the Chiller (Deep Elf Ice Elementalist)         Turns: 4473, Time: 00:09:11

HP  -1/32        AC  3     Str  7      XL: 6   Next: 40%
MP   1/20        EV  2     Int 20      God:
Gold 176         SH  0     Dex 15      Spells:  3 memorised,  7 levels left

Res.Fire  : x . .   See Invis. : .   s - +0,+1 orc dagger
Res.Cold  : + . .   Warding    : +   a - +1 elf robe
Life Prot.: + . .   Conserve   : .   (no shield)
Res.Poison: .       Res.Corr.  : .   (no helmet)
Res.Elec. : .       Clarity    : .   (no cloak)
Sust.Abil.: . .     Spirit.Shd : .   (no gloves)
Res.Mut.  : .       Stasis     : .   (no boots)
Res.Rott. : .       Flight     : .   v - amulet of warding
Saprovore : . . .                    k - ring of ice
                                     q - ring of flight

@: paralysed, very slightly contaminated, slightly resistant to hostile
enchantments, fairly stealthy
A: no striking features
a: Evoke Flight


You were on level 4 of the Dungeon.
You were hungry.

You visited 1 branch of the dungeon, and saw 4 of its levels.

You collected 156 gold pieces.

Inventory:

Hand weapons
 s - a +0,+1 orcish dagger (weapon)
Missiles
 g - 49 darts (quivered)
Armour
 a - a +1 elven robe (worn)
Comestibles
 c - 2 bread rations
 m - a meat ration
 n - an apple
 u - 3 rotting chunks of ogre flesh
Scrolls
 e - 3 scrolls of remove curse
 f - 8 scrolls of identify
 h - a scroll of noise
 l - a scroll of curse weapon
 o - 2 scrolls of enchant armour
 r - a scroll of enchant weapon II {unknown}
 w - a scroll of enchant weapon I
 x - a scroll of amnesia {unknown}
Jewellery
 i - an uncursed amulet of resist mutation
 k - a ring of ice (right hand)
 q - a ring of flight (left hand)
 v - an amulet of warding (around neck)
Potions
 d - a potion of heal wounds
 p - 5 potions of curing
Books
 b - a book of Frost

   Spells                             Type                      Level
   *Freeze                            Ice                          1
   *Throw Frost                       Conjuration/Ice              2
   Ozocubu's Armour                   Charms/Ice                   3
   *Throw Icicle                      Conjuration/Ice              4
   Summon Ice Beast                   Ice/Summoning                4
   Condensation Shield                Ice                          4
Rods
 j - a +0 rod of frigid destruction (10/10)
   (You found it on level 4 of the Dungeon)


   Skills:
 - Level 2.4 Dodging
 - Level 2.4 Stealth
 + Level 4.7 Spellcasting
 * Level 4.7 Conjurations
 + Level 5.1 Ice Magic


You had 7 spell levels left.
You knew the following spells:

 Your Spells              Type           Power        Failure   Level  Hunger
a - Freeze                Ice            ####         1%          1    None
b - Throw Frost           Conj/Ice       #####.       2%          2    None
c - Throw Icicle          Conj/Ice       #####...     17%         4    ####...


Dungeon Overview and Level Annotations

Branches:
Dungeon (4/27)
 Temple: D:4-7

Altars:

Annotations
D:4 Grinder, Menkaure, Sigmund


Message History

You feel a surge of power!
The shard of ice hits Grinder.
Grinder partially resists.
Grinder is moderately wounded.
You are feeling hungry.
Casting: Throw Icicle
Confirm with . or Enter, or press ? or * to list all spells.
Aiming: Throw Icicle
Press: ? - help, Shift-Dir - straight line, f/p - Grinder
Aim: Grinder (moderately wounded)
You feel a surge of power!
The shard of ice hits Grinder.
Grinder partially resists.
Grinder is heavily wounded.
Grinder gestures at you.
You suddenly lose the ability to move!
Grinder hits you! Grinder gestures at you. Pain shoots through your body!
* * * LOW HITPOINT WARNING * * *
Grinder hits you!
You die...

##...?...# #.# #.......####.####
#.......###.####..#...## #.....
####[..#...............# ######
.......#####.####..#...##########
#.##..## ##.#.............##....
#.##..#####............#.#.##.###
#.##.........#.##..#...#.#.......
#.###.####...#.##..#...#.#..#.###
#)# #.###......5@.....%.....#.# #
#.# #...........#.##..##.#.##.# #
#.#######.....<##.<...##.#.##.###
....# ##.>.#.######............
###.# ##.##.# ####.#.#%.#.. #.#
#.##.# #......... #.# #.##.#
###.#.##.. #.#
#....###########.#.##.. #.#
####.............#.###.


You could see Grinder.

Vanquished Creatures
  2 ogres (D:4)
  A worker ant (D:4)
  Ijyb (D:4)
  A hound skeleton (D:4)
  2 adders
  A giant mite (D:4)
  4 worms
  An iguana skeleton (D:4)
  An adder skeleton (D:4)
  A giant gecko (D:2)
  An ooze (D:3)
  An orc (D:4)
  6 giant cockroaches
  10 hobgoblins
  5 jackals (D:4)
  8 kobolds
  4 quokkas
  3 ball pythons
  12 bats
  7 giant newts
  9 goblins
  A quokka skeleton (D:4)
  12 rats
94 creatures vanquished.

Notes
Turn   | Place    | Note
--------------------------------------------------------------
     0 | D:1      | Kae, the Deep Elf Ice Elementalist, began the quest for the Orb.
     0 | D:1      | Reached XP level 1. HP: 10/10 MP: 4/4
   278 | D:1      | Reached XP level 2. HP: 15/15 MP: 5/7
   605 | D:1      | Learned a level 2 spell: Throw Frost
   961 | D:1      | Reached XP level 3. HP: 19/19 MP: 10/10
  1174 | D:2      | Reached skill level 4 in Ice Magic
  2111 | D:3      | Paralysed by a potion of paralysis for 2 turns
  2155 | D:3      | Reached XP level 4. HP: 21/24 MP: 11/13
  3074 | D:4      | Noticed Menkaure
  3191 | D:4      | Noticed an ogre
  3200 | D:4      | Killed an ogre
  3200 | D:4      | Reached XP level 5. HP: 28/28 MP: 6/17
  3313 | D:4      | Learned a level 4 spell: Throw Icicle
  3351 | D:4      | Noticed Sigmund
  3459 | D:4      | Noticed Grinder
  3761 | D:4      | Noticed Ijyb
  3765 | D:4      | Noticed an ogre
  3771 | D:4      | Killed Ijyb
  3771 | D:4      | Reached XP level 6. HP: 30/32 MP: 11/19
  4099 | D:4      | Killed an ogre
  4099 | D:4      | Reached skill level 5 in Ice Magic
  4469 | D:4      | Paralysed by Grinder for 5 turns
  4473 | D:4      | Slain by Grinder

Action                   |  1- 3 |  4- 6 || total
-------------------------+-------+-------++-------
Melee: Unarmed           |     8 |       ||     8
       Dagger            |       |    59 ||    59
 Cast: Freeze            |    77 |    74 ||   151
       Throw Frost       |       |    12 ||    12
       Throw Icicle      |       |     3 ||     3
  Use: Scroll            |     3 |     9 ||    12
       Potion            |     7 |     1 ||     8
 Stab: Sleeping          |       |     5 ||     5
       Distracted        |       |     1 ||     1
